Map: Odyssey LE

Players

Winthrowe

  • Race: Protoss Protoss
  • League: Silver
  • Spawn Location: 5:00

Paladin

  • Race: Protoss Protoss
  • League: Master
  • Spawn Location: 11:00

Nikitta

  • Race: Terran Terran

fireblaze

  • Race: Terran Terran
  • League: Silver

VOD

Have the link to the VOD?

Description

Time

  • Played on: Aug. 19, 2017, 5:05 p.m.
  • Length: 11:11
Show
View Real Time Build Order
Export as new Build Order

Winthrowe Protoss 

Build Orders: Double Forge 

Get SALT Encoding   

  12  0:02  Probe (Chrono Boost)  
  13  0:16  Assimilator  
  13  0:18  Probe (Chrono Boost)  
  14  0:29  Probe (Chrono Boost)  
  15  0:36  Pylon  
  15  0:45  Pylon  
  15  0:54  Probe (Chrono Boost)  
  16  1:04  Probe (Chrono Boost)  
  17  1:12  Gateway  
  17  1:15  Probe (Chrono Boost)  
  19  1:25  Probe (Chrono Boost)  
  19  1:36  Probe (Chrono Boost)  
  19  1:38  Forge  
  20  1:47  Probe (Chrono Boost)  
  21  1:48  Assimilator  
  21  1:57  Probe (Chrono Boost)  
  22  2:05  Cybernetics Core  
  22  2:08  Probe (Chrono Boost)  
  23  2:17  Photon Cannon  
  23  2:18  Probe (Chrono Boost)  
  24  2:26  Zealot  
  26  2:51  Gateway  
  26  2:53  Zealot  
  28  2:59  Pylon  
  28  3:03  Forge  
  28  3:14  Photon Cannon  
  26  3:20  Zealot  
  28  3:39  Photon Cannon  
  28  3:45  Warp Gate  
  28  3:48  Sentry  
  25  3:50  Zealot  
  25  3:51  Pylon  
  27  4:14  Sentry  
  29  4:17  Zealot  
  31  4:31  Photon Cannon  
  31  4:44  Zealot  
  37  4:53  Mothership Core (Chrono Boost)  
  37  5:11  Probe (Chrono Boost)  
  38  5:18  Pylon  
  38  5:19  Zealot  
  36  5:21  Probe (Chrono Boost)  
  37  5:32  Probe (Chrono Boost)  
  37  5:43  Probe (Chrono Boost)  
  37  5:53  Pylon, Probe (Chrono Boost)  
  34  6:00  Adept  
  34  6:06  Pylon  
  34  6:07  Zealot  
  31  6:27  Adept  
  31  6:29  Probe (Chrono Boost)  
  34  6:35  Zealot  
  34  6:54  Stalker  
  34  6:55  Probe (Chrono Boost)  
  37  7:02  Zealot  
  37  7:05  Probe (Chrono Boost)  
  40  7:16  Probe (Chrono Boost)  
  41  7:26  Probe (Chrono Boost)  
  41  7:29  Zealot  
  45  7:37  Probe (Chrono Boost)  
  45  7:56  Zealot  
  45  7:57  Stalker  
  49  8:16  Pylon  
  49  8:27  Stalker  
  49  8:43  Photon Cannon  
  49  8:53  Stargate  
  49  8:57  Stalker  
  51  9:27  Nexus  
  51  9:36  Probe (Chrono Boost)  
  52  9:46  Probe (Chrono Boost)  
  53  9:57  Probe (Chrono Boost)  
  54  10:07  Probe (Chrono Boost)  
  55  10:18  Probe (Chrono Boost)  
  48  10:28  Probe (Chrono Boost)  
  48  10:33  Twilight Council  
Show
View Real Time Build Order
Export as new Build Order

Paladin Protoss 

Build Orders:  

Get SALT Encoding   

  12  0:01  SCV  
  13  0:13  SCV  
  14  0:22  Supply Depot  
  14  0:25  SCV  
  15  0:31  Refinery  
  15  0:36  Refinery  
  15  0:49  Barracks  
  15  0:56  SCV  
  16  1:08  SCV  
  17  1:40  Marine  
  17  1:45  Factory  
  17  1:46  Supply Depot  
  18  2:20  Bunker, SCV  
  19  2:36  Widow Mine  
  21  3:05  Command Center, Widow Mine  
  23  3:26  Barracks Reactor  
  23  3:29  Barracks  
  23  3:58  Cyclone  
  22  4:17  SCV  
  22  4:18  Marine x2  
  22  4:23  Marine  
  26  4:29  SCV, Widow Mine  
  29  4:36  Marine x2  
  31  4:41  SCV  
  30  4:53  Marine x2  
  30  4:54  Starport  
  30  4:56  Barracks Tech Lab  
  30  4:58  Widow Mine  
  33  5:04  SCV x2  
  35  5:35  Marine x3  
  35  5:38  Concussive Shells  
  35  5:41  Starport Reactor  
  38  5:51  SCV x2  
  38  5:52  Bunker  
  38  5:54  Marauder  
  42  6:03  SCV  
  42  6:04  Marine x2  
  43  6:08  Barracks  
  45  6:39  Marauder  
  45  6:41  Marine  
  45  6:46  Supply Depot  
  46  6:48  Supply Depot  
  46  6:56  Marine  
  45  7:02  Barracks Tech Lab  
  45  7:05  Marine  
  45  7:08  Medivac x2, Marauder  
  52  7:14  Marine, SCV  
  54  7:19  Stimpack  
  54  7:22  Marine  
  54  7:23  Factory Tech Lab, Marauder  
  54  7:29  Marauder  
  59  7:34  Marine  
  60  7:38  Medivac  
  62  7:53  Supply Depot  
  62  8:03  Supply Depot  
  62  8:14  Marine, Siege Tank, Marauder x2  
  70  8:24  Marine  
  71  8:32  Marine  
  69  8:36  Marauder  
  69  8:41  Marine  
  69  8:42  Marine  
  69  8:46  Siege Tank  
  74  8:50  Marine  
  75  8:56  Medivac  
  75  9:00  Marine  
  75  9:01  Supply Depot  
  75  9:02  Supply Depot  
  78  9:14  Supply Depot  
  78  9:18  Orbital Command  
  78  9:22  Marine, Siege Tank, Marauder x2  
  78  9:23  Medivac  
  88  9:42  Marine x2  
  88  9:45  Marauder x2  
  94  9:49  Medivac  
  96  9:54  SCV x2  
  96  9:59  Marine  
  98  10:06  Marauder  
  101  10:11  Marine  
  102  10:20  Supply Depot  
  102  10:41  Marine  
  102  10:42  Marauder  
Show
View Real Time Build Order
Export as new Build Order

Nikitta Terran 

Build Orders:  

Get SALT Encoding   

Show
View Real Time Build Order
Export as new Build Order

fireblaze Terran 

Build Orders:  

Get SALT Encoding   

Tags
 
Add a new tag
Caveats
  • Supply blocks, unpowered buildings, or Contaminate may cause inaccurate times.
  • Supply counts are checked every 10 seconds.